 Dungeon Crawl Stone Soup version 0.20.1-1-g8b1a95d (webtiles) character file.

2740 raph the Arsonist (level 9, -1/48 HPs)
             Began as a Deep Elf Fire Elementalist on Oct 6, 2017.
             Was a Believer of Vehumet.
             Killed from afar by Erica (28 damage)
             ... with a bolt of poison
             ... on level 8 of the Dungeon.
             The game lasted 00:34:10 (10931 turns).

raph the Arsonist (Deep Elf Fire Elementalist)     Turns: 10931, Time: 00:34:11

Health: -1/48      AC:  7    Str: 10    XL:     9   Next: 40%
Magic:  13/21      EV: 14    Int: 26    God:    Vehumet [**....]
Gold:   78         SH:  8    Dex: 15    Spells: 0/21 levels left

rFire    . . .     SeeInvis .   a - +2 short sword (protect)
rCold    . . .     Gourm    .   A - +3 buckler {reflect}
rNeg     . . .     Faith    .   E - +0 acid dragon scales
rPois    .         Spirit   .   q - +0 helmet
rElec    .         Reflect  +   (no cloak)
rCorr    +         Harm     .   (no gloves)
MR       .....                  (no boots)
Stlth    ++........             H - amulet of regeneration
Regen    0.6/turn               x - +4 ring of strength
MPRegen  0.2/turn               G - +3 ring of intelligence

@: lethally poisoned (-1 -> -10)
A: no striking features
a: Renounce Religion


You were on level 8 of the Dungeon.
You worshipped Vehumet.
Vehumet was pleased with you.
You were not hungry.

You visited 2 branches of the dungeon, and saw 9 of its levels.
You also visited: Ossuary.

You collected 378 gold pieces.
You spent 300 gold pieces at shops.

Inventory:

Hand Weapons
 a - a +2 short sword of protection (weapon)
 b - a +0 dagger of electrocution
Missiles
 t - 10 tomahawks (quivered)
 w - 110 stones
Armour
 p - a +2 robe of resistance
 q - a +0 helmet (worn)
 A - a +3 buckler of reflection (worn)
 E - +0 acid dragon scales (worn)
Jewellery
 e - a +2 ring of strength
 i - an uncursed amulet of rage
 x - a +4 ring of strength (left hand)
 B - an uncursed ring of see invisible
 G - a +3 ring of intelligence (right hand)
 H - an amulet of regeneration (around neck)
Wands
 v - a wand of enslavement (13/24)
 C - a wand of paralysis (18/24)
Scrolls
 d - 7 scrolls of amnesia
 g - 7 scrolls of teleportation
 l - 3 scrolls of magic mapping
 s - 4 scrolls of remove curse
 u - a scroll of immolation
Potions
 f - 3 potions of lignification
 h - 6 potions of haste
 k - 8 potions of curing
 n - 2 potions of might
 r - 4 potions of heal wounds
 z - a potion of degeneration {unknown}
 F - a potion of ambrosia
 I - a potion of cancellation {unknown}
Books
 m - a book of Minor Magic

   Spells                             Type                      Level
   a - Magic Dart                     Conjuration                  1
   b - Blink                          Translocation                2
   c - Call Imp                       Summoning                    2
   d - Slow                           Hexes                        2
   e - Conjure Flame                  Conjuration/Fire             3
   f - Mephitic Cloud                 Conjuration/Poison/Air       3
 o - a book of Flames

   Spells                             Type                      Level
   a - Flame Tongue                   Conjuration/Fire             1
   b - Throw Flame                    Conjuration/Fire             2
   c - Conjure Flame                  Conjuration/Fire             3
   d - Inner Flame                    Hexes/Fire                   3
   e - Sticky Flame                   Conjuration/Fire             4
   f - Fireball                       Conjuration/Fire             5
Comestibles
 c - 6 bread rations
 j - 5 royal jellies
 D - a meat ration
 J - 4 chunks of flesh


   Skills:
 + Level 2.2 Fighting
 + Level 0.4 Armour
 + Level 6.2 Dodging
 - Level 2.4 Stealth
 - Level 3.5 Shields
 + Level 6.7 Spellcasting
 * Level 7.3 Conjurations
 * Level 8.1 Fire Magic


You couldn't memorise any spells.
You knew the following spells:

 Your Spells              Type           Power        Failure   Level  Hunger
a - Flame Tongue          Conj/Fire      #####        1%          1    None
b - Throw Flame           Conj/Fire      #####.       1%          2    None
c - Conjure Flame         Conj/Fire      #####...     1%          3    None
d - Inner Flame           Hex/Fire       ####....     6%          3    None
e - Sticky Flame          Conj/Fire      #####...     4%          4    ###....
f - Sandblast             Erth           #.....       11%         1    None
g - Fireball              Conj/Fire      #####.....   12%         5    #####..
h - Searing Ray           Conj           #####.       1%          2    None


Dungeon Overview and Level Annotations

Branches:
Dungeon (8/15)             Temple (1/1) D:5
   Lair: D:8-11

Altars:
Ashenzari
Cheibriados
Dithmenos
Elyvilon
Fedhas
Gozag
Hepliaklqana
Kikubaaqudgha
Makhleb
Nemelex Xobeh
Okawaru
Qazlal
Ru
Sif Muna
Trog
Uskayaw
Vehumet
Xom
Yredelemnul
Zin
The Shining One

Shops:
D:5 !   D:7 =

Annotations:
D:4 cache
D:8 Erica


Message History

A lumpy emerald potion.
The floor.
Okay, then.
Evoke which item? (* to show all) (? for menu, Esc to quit)
Aiming: Paralyse (will waste charges)
Press: ? - help, Shift-Dir - straight line, f/p - Erica
Aim: Erica, wielding a scimitar of flaming and wearing an embroidered robe (moderately wounded, covered in liquid flames, chance to defeat MR: 15%) Erica resists with almost no effort.
Evoking this partially-identified wand wasted a few charges.
You feel sick.
Erica burns!
Erica hits you with a scimitar of flaming.
Erica burns you.
Erica burns!
Erica barely misses you.
Found a potion of mutation.
You feel sick.
Erica burns!
Erica gestures at you while chanting. The bolt of poison hits you!
You are more poisoned.
Ouch! That really hurt!
You die...

# # ###..# #.# .#!
....# #.# #.#
#...# #.# #.#
#...# #.# #.#
#...# #.#
##.#####...###.###
#..@...........(..
#..!...........###
#@########.#####
#.# #.[.###### #.#
#......... ..#
#.[.###### ###
#####


You could see Erica (burning).

Vanquished Creatures
  Sigmund (D:2)
  A steam dragon (D:7)
  An ice beast (D:6)
  2 black bears
  An ogre (D:6)
  2 phantoms
  A crocodile (D:6)
  Blork the orc (D:4)
  A big kobold (D:7)
  A bullfrog (D:8)
  7 scorpions
  A howler monkey (D:5)
  4 crimson imps
  3 jellies (D:7)
  3 centaur skeletons
  3 centaur zombies
  An orc priest (D:6)
  2 bullfrog skeletons
  2 hounds
  3 human zombies (Ossuary)
  Jessica (D:2)
  2 iguanas
  5 worker ants
  4 big kobold zombies (Ossuary)
  A hound skeleton (D:6)
  3 mummies (Ossuary)
  Robin (D:2)
  A gnoll (D:1)
  A howler monkey skeleton (D:5)
  10 adders
  3 scorpion zombies (Ossuary)
  A shadow imp (D:6)
  An adder zombie (D:6)
  2 worms
  3 dart slugs (D:2)
  4 leopard geckos
  18 orcs
  3 ball pythons
  9 giant cockroaches
  A gnoll zombie (Ossuary)
  15 goblins
  11 hobgoblins
  3 jackals (D:2)
  3 quokkas
  9 bats
  4 frilled lizards
  5 goblin zombies (Ossuary)
  2 hobgoblin zombies (Ossuary)
  17 kobolds
  A kobold zombie (Ossuary)
  2 orc zombies (Ossuary)
  A quokka skeleton (D:7)
  A quokka zombie (D:6)
  8 rats
  2 bushes (D:2)
199 creatures vanquished.

Notes
Turn   | Place    | Note
-------+----------+-------------------------------------------
     0 | D:1      | raph the Deep Elf Fire Elementalist began the quest for the Orb.
     0 | D:1      | Reached XP level 1. HP: 10/10 MP: 6/6
   153 | D:1      | Reached XP level 2. HP: 15/15 MP: 2/8
   299 | D:1      | Learned a level 2 spell: Throw Flame
   500 | D:1      | Reached XP level 3. HP: 20/20 MP: 6/9
   979 | D:2      | Learned a level 3 spell: Conjure Flame
   997 | D:2      | Reached skill level 4 in Fire Magic
  1148 | D:2      | Noticed Robin
  1264 | D:2      | Noticed Jessica
  1271 | D:2      | Killed Jessica
  1271 | D:2      | Reached XP level 4. HP: 24/24 MP: 7/11
  1346 | D:2      | Learned a level 3 spell: Inner Flame
  1387 | D:2      | Reached skill level 1 in Fighting
  1639 | D:2      | Killed Robin
  2062 | D:2      | Reached XP level 5. HP: 24/29 MP: 0/12
  2267 | D:2      | Noticed Sigmund
  2279 | D:2      | Killed Sigmund
  2279 | D:2      | Reached skill level 5 in Fire Magic
  2279 | D:2      | Reached XP level 6. HP: 9/34 MP: 0/13
  2950 | D:3      | Learned a level 4 spell: Sticky Flame
  4659 | D:4      | Noticed Blork the orc
  4671 | D:4      | Reached XP level 7. HP: 28/38 MP: 6/15
  4671 | D:4      | Killed Blork the orc
  4671 | D:4      | Reached skill level 1 in Shields
  5011 | D:5      | Entered Level 5 of the Dungeon
  5024 | D:5      | Reached skill level 6 in Fire Magic
  5438 | D:5      | Found Xocuxec's Distillery.
  5444 | D:5      | Bought a potion of heal wounds for 70 gold pieces
  5444 | D:5      | Bought a potion of curing for 42 gold pieces
  5459 | D:5      | Reached skill level 5 in Conjurations
  5830 | D:5      | Reached skill level 5 in Spellcasting
  6405 | D:5      | Found a staircase to the Ecumenical Temple.
  6411 | Temple   | Entered the Ecumenical Temple
  6658 | Temple   | Became a worshipper of Vehumet
  6925 | D:6      | Reached XP level 8. HP: 43/43 MP: 12/17
  7009 | D:6      | Found a sand-covered staircase.
  7020 | Ossuary  | Entered an ossuary
  7220 | Ossuary  | Reached skill level 7 in Fire Magic
  7310 | Ossuary  | Reached skill level 5 in Dodging
  7901 | Ossuary  | Reached * piety under Vehumet
  7901 | Ossuary  | Offered knowledge of Sandblast by Vehumet.
  8617 | D:6      | Learned a level 1 spell: Sandblast
  9356 | D:7      | Reached XP level 9. HP: 48/48 MP: 13/20
  9428 | D:7      | Learned a level 5 spell: Fireball
  9836 | D:7      | Offered knowledge of Searing Ray by Vehumet.
  9886 | D:7      | Learned a level 2 spell: Searing Ray
 10068 | D:7      | Reached skill level 8 in Fire Magic
 10260 | D:7      | Found Vusteg's Jewellery Emporium.
 10268 | D:7      | Bought a +3 ring of intelligence for 188 gold pieces
 10609 | D:8      | Reached ** piety under Vehumet
 10925 | D:8      | Noticed Erica
 10931 | D:8      | Killed from afar by Erica

Skill      XL: |  1  2  3  4  5  6  7  8  9 |
---------------+----------------------------+-----
Conjurations   | 2 3 4 5 6 7 |  7.3
Fire Magic     | 4 5 6 7 8 |  8.1
Fighting       | 1 2 |  2.2
Dodging        | 3 4 5 6 |  6.2
Spellcasting   | 4 5 6 |  6.7
Shields        | 2 3 |  3.5
Armour         | |  0.4
Stealth        | |  2.4

Action                   |  1- 3 |  4- 6 |  7- 9 || total
-------------------------+-------+-------+-------++-------
Melee: Dagger            |     1 |     1 |       ||     2
       Whip              |       |    27 |    64 ||    91
       Short sword       |       |       |     5 ||     5
Throw: Tomahawk          |       |     2 |       ||     2
 Cast: Flame Tongue      |    52 |   118 |   145 ||   315
       Throw Flame       |     2 |     6 |    10 ||    18
       Conjure Flame     |     1 |     9 |    51 ||    61
       Inner Flame       |       |     7 |     3 ||    10
       Sticky Flame      |       |       |    13 ||    13
       Fireball          |       |       |     5 ||     5
Evoke: Wand              |       |       |     1 ||     1
  Use: Scroll            |       |     4 |    13 ||    17
  Eat: Chunk             |     1 |    10 |     7 ||    18
       Royal jelly       |       |     1 |     1 ||     2
       Meat ration       |       |       |     3 ||     3
Armor: Robe              |     7 |    17 |    18 ||    42
       Acid dragon scale |       |       |     3 ||     3
Dodge: Dodged            |    10 |    29 |    61 ||   100
Block: Buckler           |       |       |    38 ||    38
       Reflection        |       |       |     1 ||     1
